 Dungeon Crawl Stone Soup version 0.27.1-3-gb3d3a73c9e (webtiles) character file.

Game seed: 14251074074172651550

23 vatarom the Chiller (level 2, -1/21 HPs)
             Began as a Demonspawn Ice Elementalist on Oct 7, 2021.
             Slain by a goblin (2 damage)
             ... led by Robin
             ... on level 2 of the Dungeon.
             The game lasted 00:02:25 (1455 turns).

vatarom the Chiller (Demonspawn Ice Elementalist)   Turns: 1455, Time: 00:02:25

Health: -1/21      AC:  2    Str:  8    XL:     2   Next: 72%
Magic:  5/5        EV: 12    Int: 16    God:
Gold:   34         SH:  0    Dex: 13    Spells: 4/5 levels left

rFire    . . .     SeeInvis .   b - +2 whip (freeze)
rCold    . . .     Faith    .   (no shield)
rNeg     . . .     Spirit   .   a - +0 robe
rPois    .         Reflect  .   (no helmet)
rElec    .         Harm     .   (no cloak)
rCorr    .         Rampage  .   (no gloves)
Will     .....                  (no boots)
Stlth    ++........             (no amulet)
HPRegen  0.07/turn              (no ring)
MPRegen  0.09/turn              (no ring)

@: brilliant
A: foul stench 1
a: no special abilities


You were on level 2 of the Dungeon.
You visited 1 branch of the dungeon, and saw 2 of its levels.

You collected 34 gold pieces.

Inventory:

Hand Weapons
 b - a +2 whip of freezing (weapon)
Missiles
 e - 16 poisoned darts
Armour
 a - a +0 robe (worn)
Scrolls
 d - a scroll of immolation


   Skills:
 + Level 1.2 Fighting
 - Level 1.7 Dodging
 - Level 1.7 Stealth
 + Level 2.4 Spellcasting
 + Level 3.9 Ice Magic


You had 4 spell levels left.
You knew the following spells:

 Your Spells              Type           Power      Damage    Failure   Level
a - Freeze                Ice            84%        1d10      4%          1

Your spell library contained the following spells:

 Spells                   Type           Power      Damage    Failure   Level
 Frozen Ramparts          Ice            42%        1d6       12%         3
 Ozocubu's Armour         Ice            21%        N/A       12%         3
 Hailstorm                Conj/Ice       12%        3d5       65%         4


Dungeon Overview and Level Annotations

Branches:
Dungeon (2/15)

Altars:

Annotations:
D:2 Robin


Innate Abilities, Weirdness & Mutations

You may rarely emit foul miasma when damaged in melee.


Message History

An orc comes into view. It is wielding a +0 mace.
A goblin comes into view. It is wielding a +0 club.
A goblin comes into view. It is wielding a +0 spear.
The goblin moves out of view.
Okay, then.
You barely miss the hobgoblin.
A goblin comes into view. It is wielding a +0 club.
The hobgoblin barely misses you.
You barely miss the hobgoblin. The hobgoblin hits you.
A goblin comes into view. It is wielding a +0 club.
You hit the hobgoblin. You freeze the hobgoblin.
The hobgoblin is moderately wounded.
Robin roars a battlecry!
The goblins go into a battle-frenzy!
The hobgoblin hits you.
You hit the hobgoblin. You freeze the hobgoblin.
You kill the hobgoblin!
You hit the orc. You freeze the orc.
The orc is severely wounded.
The orc hits you with a +0 mace. Robin throws the goblin at you!
The goblin hits you with a +0 dagger.
You closely miss the orc.
The orc is severely wounded.
The orc closely misses you. The goblin hits you with a +0 dagger.
A goblin comes into view. It is wielding a +0 club.
You miss the goblin. The orc hits you with a +0 mace.
The goblin hits you with a +0 dagger.
* * * LOW HITPOINT WARNING * * *
It was a potion of brilliance.
You feel clever all of a sudden. Robin throws the goblin at you!
* * * LOW HITPOINT WARNING * * *
The orc closely misses you. The goblin barely misses you. x2
As you read the scroll labelled QOSCHA ETZEMPY, it crumbles to dust.
It is a scroll of identify.
d - a scroll of immolation The orc hits you with a +0 mace.
* * * LOW HITPOINT WARNING * * *
The goblin hits you with a +0 dagger.
You die... . ... #####gg... #g@ogggg..

#g###gg!..
#.# ...
#.# . #.#
#.# #.#
#.# #.#


You could see Robin, an orc, 2 hobgoblins and 7 goblins.

Vanquished Creatures
  A dart slug (D:1)
  3 ball pythons (D:1)
  4 bats (D:1)
  An endoplasm (D:1)
  2 giant cockroaches (D:1)
  2 hobgoblins (D:2)
  3 jackals (D:1)
  2 frilled lizards (D:1)
  A kobold (D:1)
19 creatures vanquished.

Notes
Turn   | Place    | Note
-------+----------+-------------------------------------------
     0 | D:1      | vatarom the Demonspawn Ice Elementalist began the quest for
                  | the Orb.
     0 | D:1      | Reached XP level 1. HP: 13/13 MP: 3/3
   656 | D:1      | Gained mutation: You may rarely emit foul miasma when
                  | damaged in melee. [demonic ancestry]
   656 | D:1      | Reached XP level 2. HP: 18/20 MP: 1/5
   775 | D:1      | Reached skill level 1 in Fighting
  1446 | D:2      | Noticed Robin
  1455 | D:2      | HP: 1/21 [orc (4)]
  1455 | D:2      | Slain by a goblin

Illustrated notes

Levels and vault maps discovered:
D:1:      matt_arrival_refuge, layout_basic
D:2:      layout_basic, serial_park_tiny_2, uniq_natasha, uniq_robin

Skill      XL: |  1  2 |
---------------+-------+-----
Fighting       | 1 |  1.2
Dodging        | |  1.7
Stealth        | |  1.7
Spellcasting   | |  2.4
Ice Magic      | |  3.9

Action                   || total
-------------------------++-------
Melee: Whip              ||    27
       Unarmed           ||     7
 Cast: Freeze            ||    22
  Use: Scroll            ||     2
       Potion            ||     1
 Stab: Sleeping          ||     1
Armor: Robe              ||    14
Dodge: Dodged            ||    59
